 Dungeon Crawl Stone Soup version 0.25-a0-178-gc9f82b1288 (webtiles) character file.

Game seed: 14867286486383771358, levelgen mode: deterministic

17 vurker the Gusty (level 2, 0/16 HPs)
             Began as a Tengu Air Elementalist on Nov 26, 2019.
             Slain by a jackal (3 damage)
             ... on level 1 of the Dungeon.
             The game lasted 00:00:51 (283 turns).

vurker the Gusty (Tengu Air Elementalist)            Turns: 283, Time: 00:00:52

Health: 0/16       AC:  2    Str:  8    XL:     2   Next: 62%
Magic:  0/6        EV: 12    Int: 15    God:
Gold:   0          SH:  0    Dex: 14    Spells: 4/5 levels left

rFire    . . .     SeeInvis .   c - +0 dagger
rCold    . . .     Gourm    .   (no shield)
rNeg     . . .     Faith    .   a - +0 robe
rPois    .         Spirit   .   (helmet restricted)
rElec    .         Reflect  .   (no cloak)
rCorr    .         Harm     .   (no gloves)
MR       .....                  (boots unavailable)
Stlth    ++........             (no amulet)
HPRegen  0.05/turn              (no ring)
MPRegen  0.10/turn              (no ring)

@: no status effects
A: beak, talons 3
a: no special abilities


You were on level 1 of the Dungeon.
You were not hungry.

You visited 1 branch of the dungeon, and saw 1 of its levels.

Inventory:

Hand Weapons
 c - a +0 dagger (weapon)
   (You took it off a goblin on level 1 of the Dungeon)
Armour
 a - a +0 robe (worn)
Potions
 b - a potion of magic {unknown}
 f - a potion of lignification {unknown}
Comestibles
 d - a chunk of flesh
 e - 2 rations


   Skills:
 + Level 0.4 Fighting
 - Level 2.1 Dodging
 - Level 2.0 Stealth
 * Level 2.2 Spellcasting
 * Level 2.2 Conjurations
 * Level 4.4 Air Magic


You had 4 spell levels left.
You knew the following spells:

 Your Spells              Type           Power        Failure   Level  Hunger
a - Shock                 Conj/Air       ##..         5%          1    #......

Your spell library contained the following spells:

 Spells                   Type           Power        Failure   Level  Hunger
 Swiftness                Chrm/Air       #.......     13%         2    ###....
 Static Discharge         Conj/Air       ##......     17%         3    ###....
 Airstrike                Air            ###.......   34%         4    #####..
 Lightning Bolt           Conj/Air       ##........   83%         5    ######.


Dungeon Overview and Level Annotations

Branches:
Dungeon (1/15)

Altars:


Innate Abilities, Weirdness & Mutations

You have a beak for a mouth.
You have claws for feet.


Message History

The zap hits the bat. x2
You kill the bat!
The frilled lizard bites you but does no damage.
The zap misses the frilled lizard.
The zap hits the hobgoblin.
The frilled lizard barely misses you.
The zap hits the frilled lizard.
You kill the frilled lizard!
The zap hits the hobgoblin.
You kill the hobgoblin!
The zap misses the jackal. x2
The jackal barks!
You hear an angry hiss.
The zap hits the jackal. x2; The jackal closely misses you. x2
The zap hits the jackal.
You kill the jackal!
The zap hits the jackal.
You kill the jackal!
The zap misses the leopard gecko.
You completely miss the leopard gecko. You peck the leopard gecko.
The leopard gecko bites you.
You hit the leopard gecko. Your kick misses the leopard gecko.
The leopard gecko closely misses you.
You hit the leopard gecko but do no damage.
Your kick misses the leopard gecko.
The leopard gecko bites you but does no damage.
The leopard gecko misses you.
The zap misses the leopard gecko.
The zap hits the jackal.
The leopard gecko bites you.
* * * LOW HITPOINT WARNING * * *
You don't have enough magic to cast that spell.
You are too injured to fight recklessly!
You are too injured to fight recklessly!
You are too injured to fight recklessly!
You barely miss the leopard gecko. Your kick misses the leopard gecko.
Your peck misses the leopard gecko. The leopard gecko bites you.
* * * LOW HITPOINT WARNING * * *
You hit the leopard gecko.
You kill the leopard gecko!
You closely miss the jackal. The jackal barely misses you.
You hit the jackal but do no damage. The jackal bites you.
* * * LOW HITPOINT WARNING * * *
The jackal closely misses you.
You hit the jackal but do no damage. The jackal closely misses you.
You closely miss the jackal. Your kick misses the jackal.
You peck the jackal, but do no damage. The jackal bites you.
* * * LOW HITPOINT WARNING * * *
The jackal closely misses you.
You hit the jackal. Your kick misses the jackal. The jackal bites you.
* * * LOW HITPOINT WARNING * * *
You hit the jackal but do no damage. The jackal bites you.
You die...

#### #.# #.b#.#.#..#
#.#.#..#...h. #.#.#......#
###########.#.#.##.h######
#...........#.#....l.....#
##.##########.###.b......#
####.#........#. #.#...#..#
.....#.##.....#.###.#####..#
######.##..##.#.@h††##.....#
#.##.....########.###.#
######.##.############. #.#
.......#.............#.###.#
####################.#.....###.##
#÷#..........# #.#....#######
#.####.# #......#


You could see a jackal.

Vanquished Creatures
  A dart slug (D:1)
  A leopard gecko (D:1)
  2 hobgoblins (D:1)
  2 jackals (D:1)
  2 bats (D:1)
  A frilled lizard (D:1)
  2 goblins (D:1)
  A kobold (D:1)
  2 rats (D:1)
14 creatures vanquished.

Notes
Turn   | Place    | Note
-------+----------+-------------------------------------------
     0 | D:1      | vurker the Tengu Air Elementalist began the quest for the
                  | Orb.
     0 | D:1      | Reached XP level 1. HP: 10/10 MP: 4/4
   185 | D:1      | Reached XP level 2. HP: 15/15 MP: 0/6
   283 | D:1      | Slain by a jackal

Levels and vault maps discovered:
D:1:      psy_arrival_conway, layout_basic, minmay_pentomino_q2

Skill      XL: |  1 |
---------------+----+-----
Conjurations   | 2 |  2.2
Fighting       | |  0.4
Dodging        | |  2.1
Stealth        | |  2.0
Spellcasting   | |  2.2
Air Magic      | |  4.4

Action                   || total
-------------------------++-------
Melee: Unarmed           ||     5
       Peck              ||     3
       Dagger            ||    11
 Cast: Shock             ||    18
Armor: Robe              ||     2
Dodge: Dodged            ||    12

Table legend:
 A = Non-vault XP
 B = Vault XP
 C = Vault XP percentage of total XP
 D = Non-vault monster count
 E = Vault monster count
 F = Vault count percentage of total count
                 A         B        C        D         E       F
            +---------+---------+-------+---------+---------+-------
      Total |      25 |       0 |   0.0 |      14 |       0 |   0.0
            +---------+---------+-------+---------+---------+-------
        D:1 |      25 |       0 |   0.0 |      14 |       0 |   0.0
            +---------+---------+-------+---------+---------+-------
